 Dungeon Crawl Stone Soup version 0.20.1-1-g8b1a95d (webtiles) character file.

212 vineage the Ruffian (level 5, -3/50 HPs)
             Began as a Troll Fighter on Aug 19, 2017.
             Slain by an ogre
             ... wielding a +0 giant club
              (13 damage)
             ... on level 3 of the Dungeon.
             The game lasted 00:03:06 (1416 turns).

vineage the Ruffian (Troll Fighter)                 Turns: 1416, Time: 00:03:07

Health: -3/50      AC:  5    Str: 25    XL:     5   Next: 58%
Magic:  4/4        EV:  6    Int:  4    God:
Gold:   181        SH:  7    Dex:  9    Spells: 4/4 levels left

rFire    . . .     SeeInvis .   i - +1 short sword (drain)
rCold    . . .     Gourm    +   b - +0 shield
rNeg     . . .     Faith    .   a - +0 robe
rPois    .         Spirit   .   (helmet restricted)
rElec    .         Reflect  .   (no cloak)
rCorr    .         Harm     .   (gloves unavailable)
MR       .....                  (boots unavailable)
Stlth    +.........             (no amulet)
Regen    0.6/turn               (no ring)
MPRegen  0.1/turn               (no ring)

@: very slightly contaminated, very heavily drained
A: unfitting armour, claws 3, fast metabolism 3, gourmand, regeneration 1,
shaggy fur 1, tough skin 2
a: no special abilities


You were on level 3 of the Dungeon.
You were very hungry.

You visited 1 branch of the dungeon, and saw 4 of its levels.

You collected 181 gold pieces.

Inventory:

Hand Weapons
 i - a +1 short sword of draining (weapon)
 m - a +1 whip of flaming
Armour
 a - a +0 robe (worn)
 b - a +0 shield (worn)
Jewellery
 j - a +3 ring of protection {unknown}
 k - an uncursed amulet of guardian spirit {unknown}
Scrolls
 e - 4 scrolls of identify {unknown}
 g - a scroll of enchant armour {unknown}
 n - 2 scrolls of teleportation {unknown}
 o - a scroll of immolation {unknown}
Potions
 c - a potion of might
 h - a potion of berserk rage {unknown}
 l - a potion of invisibility
Comestibles
 d - 2 bread rations
 f - 2 meat rations


   Skills:
 + Level 2.7(0.0) Fighting
 + Level 0.1(0.0) Maces & Flails
 + Level 3.3(0.0) Dodging
 + Level 0.4(0.0) Stealth
 + Level 3.4(0.0) Shields
 + Level 3.7(0.0) Unarmed Combat


You had 4 spell levels left.
You didn't know any spells.

Dungeon Overview and Level Annotations

Branches:
Dungeon (4/15)
 Temple: D:4-7

Altars:

Annotations:
D:3 dscm's ghost, weakling DsGl


Innate Abilities, Weirdness & Mutations

You are too large for most types of armour.
You have claws for hands.
Your metabolism is lightning-fast.
You like to eat raw meat.
Your natural rate of healing is unusually fast.
You are covered in fur. (AC +1)
You have very tough skin. (AC +2)


Message History

The ogre is moderately wounded.
The ogre barely misses you. Dscm's ghost hits you.
You puncture the ogre! You drain the ogre!
The ogre is severely wounded.
You block the ogre's attack. You block dscm's ghost's attack.
You completely miss the ogre.
The ogre is severely wounded.
Dscm's ghost hits you! The ogre hits you with a giant club!
You hit the ogre. You drain the ogre!
The ogre is almost dead.
Dscm's ghost hits you. You block the ogre's attack.
Your shield prevents you from hitting the ogre.
The ogre is almost dead.
You block dscm's ghost's attack. The ogre hits you with a giant club.
You closely miss the ogre.
The ogre is almost dead.
Dscm's ghost hits you!
* * * LOW HITPOINT WARNING * * *
The ogre hits you with a giant club!
You die...

#.......#.....
#.............
#.........###.
#..........# .
##....##......
#######....##......
#....##....####....
###..####..........
#@..# #..........
#OW.# #..........
#..)# #.........#
#.[.# #.........
#...####†........
#...##...........
#...##...........
#...#............
##...#O...........


You could see an ogre and dscm's ghost.

Vanquished Creatures
  2 orc priests (D:3)
  An orc wizard (D:3)
  Terence (D:2)
  A gnoll (D:1)
  4 adders (D:2)
  2 dart slugs (D:2)
  2 orcs (D:2)
  A bat (D:2)
  2 giant cockroaches
  6 goblins
  5 hobgoblins
  4 jackals (D:3)
  3 kobolds
  2 quokkas (D:2)
  5 frilled lizards
  18 rats
59 creatures vanquished.

Notes
Turn   | Place    | Note
-------+----------+-------------------------------------------
     0 | D:1      | vineage the Troll Fighter began the quest for the Orb.
     0 | D:1      | Reached XP level 1. HP: 22/22 MP: 0/0
    31 | D:1      | Reached XP level 2. HP: 29/29 MP: 1/1
   259 | D:1      | Reached XP level 3. HP: 36/36 MP: 2/2
   835 | D:2      | Reached XP level 4. HP: 44/44 MP: 3/3
  1165 | D:3      | Reached XP level 5. HP: 22/50 MP: 4/4
  1317 | D:3      | Noticed an ogre
  1319 | D:3      | Noticed dscm's ghost (weakling DsGl)
  1321 | D:3      | Noticed Terence
  1404 | D:2      | Killed Terence
  1416 | D:3      | Slain by an ogre

Skill      XL: |  1  2  3  4 |
---------------+-------------+-----
Dodging        | 3 |  3.3
Unarmed Combat | 3 |  3.7
Shields        | 3 |  3.4
Fighting       | |  2.7
Maces & Flails | |  0.1
Stealth        | |  0.4

Action                   |  1- 3 |  4- 6 || total
-------------------------+-------+-------++-------
Melee: Unarmed           |    90 |    48 ||   138
       Whip              |       |    48 ||    48
       Short sword       |       |     6 ||     6
  Use: Potion            |       |     3 ||     3
  Eat: Chunk             |     4 |     3 ||     7
       Royal jelly       |       |     1 ||     1
Armor: Robe              |    22 |    23 ||    45
Dodge: Dodged            |    22 |    44 ||    66
Block: Shield            |    41 |    60 ||   101
